[Event "Early-Titled-Tuesday-Blitz-February-13-2024"]
[Site "Chess.com"]
[Date "2024.02.13"]
[Round "4"]
[White "winniethepooh04"]
[Black "UK_23"]
[Result "1/2-1/2"]
[WhiteElo "2535"]
[BlackElo "2376"]
[TimeControl "180+1"]
[EndTime "8:38:49 PST"]
[Termination "Game drawn by agreement"]

1. d4 d5 2. Nf3 Nf6 3. Bf4 c5 4. e3 Nc6 5. c3 cxd4 6. exd4 Bg4 7. Nbd2 e6 8. Be2 Bd6 9. Bg3 O-O 10. O-O Bxg3 11.
hxg3 Rb8 12. a4 Qc7 13. Re1 a6 14. Nf1 b5 15. axb5 axb5 16. Ne3 Bxf3 17. Bxf3 b4 18. Qa4 Rfc8 19. Red1 h6 20. c4 dxc4 21. Nxc4 Ne7 22.
Ne3 Qd6 23. Qa5 Ned5 24. Nxd5 Nxd5 25. Bxd5 Qxd5 26. Qxd5 exd5 27. Rac1 Kf8 28. Rc5 Rxc5 29. dxc5 Rd8 30. c6 1/2-1/2

[Event "Early-Titled-Tuesday-Blitz-February-13-2024"]
[Site "Chess.com"]
[Date "2024.02.13"]
[Round "4"]
[White "Canal_Showdrez"]
[Black "HeroWilczek"]
[Result "0-1"]
[WhiteElo "2080"]
[BlackElo "2474"]
[TimeControl "180+1"]
[EndTime "8:38:58 PST"]
[Termination "HeroWilczek won by resignation"]

1. d4 Nf6 2. Nf3 e6 3. e3 b6 4. Bd3 Bb7 5. Nbd2 Be7 6. b3 O-O 7. Bb2 d6 8. O-O Nbd7 9. e4 c5 10. c3 Re8 11. e5 Nd5 12. exd6 Bxd6 13. Ne4 Bc7 14. Nfg5 h6 15. Nxf7 Kxf7 16. Qh5+ Kg8 17. dxc5 Nf4 18. Qd1 Nxd3 19. Qxd3 Nxc5 20. Nxc5 bxc5 21.
Qh3 Qf6 22. c4 Qxb2 0-1

[Event "Early-Titled-Tuesday-Blitz-February-13-2024"]
[Site "Chess.com"]
[Date "2024.02.13"]
[Round "4"]
[White "Trendle"]
[Black "The_Straightforward_Rook"]
[Result "1-0"]
[WhiteElo "2619"]
[BlackElo "2416"]
[TimeControl "180+1"]
[EndTime "8:39:12 PST"]
[Termination "Trendle won by resignation"]

1. f4 d5 2. Nf3 Bg4 3. e3 Nc6 4.
d4 e6 5. Bd3 Bd6 6. O-O Nge7 7.
c4 dxc4 8. Bxc4 Nf5 9. Nc3 g5 10. fxg5 h6 11. g6 fxg6 12. Bxe6 Bxh2+ 13. Kxh2 Qd6+ 14. Kg1 Qxe6 15. d5 Nxe3 16. dxe6 Nxd1 17. Rxd1 Bxe6 18. Nb5 Rc8 19. Bf4 1-0

[Event "Early-Titled-Tuesday-Blitz-February-13-2024"]
[Site "Chess.com"]
[Date "2024.02.13"]
[Round "4"]
[White "DreamsAreFake"]
[Black "colegiodemadrid"]
[Result "0-1"]
[WhiteElo "2719"]
[BlackElo "2539"]
[TimeControl "180+1"]
[EndTime "8:39:16 PST"]
[Termination "colegiodemadrid won by resignation"]

1. Nf3 d5 2. g3 Nc6 3. Bg2 e5 4.
d3 Bg4 5. O-O Qd7 6. e4 dxe4 7.
dxe4 Qxd1 8. Rxd1 Nd4 9. Rxd4 exd4 10. Nxd4 O-O-O 11. c3 c5 12. f3 cxd4 13. fxg4 Bc5 14. Kf1 Nf6 15. h3 Rhe8 16. Nd2 dxc3 17. bxc3 Be3 18. Nc4 Bxc1 19. Rxc1 Nxe4 20. Kg1 Nxg3 21. Rb1 b6 22. Kh2 Ne4 23. Rc1 Nc5 24. Rc2 Rd3 25. a4 Kc7 26. a5 b5 27. Nb2 Rde3 28. Nd1 Re2 29. Rc1 Nd3 0-1

[Event "Early-Titled-Tuesday-Blitz-February-13-2024"]
[Site "Chess.com"]
[Date "2024.02.13"]
[Round "4"]
[White "Sl4werThanYou"]
[Black "UnTucopalaTimba"]
[Result "1-0"]
[WhiteElo "2646"]
[BlackElo "1986"]
[TimeControl "180+1"]
[EndTime "8:39:18 PST"]
[Termination "Sl4werThanYou won by resignation"]

1. d4 Nf6 2. c4 e6 3. Bf4 Bb4+ 4. Nd2 d5 5. a3 Bxd2+ 6. Bxd2 dxc4 7. e3 b5 8. a4 c6 9. b3 cxb3 10. axb5 O-O 11.
Qxb3 Qb6 12. Nf3 Nbd7 13. Qa4 cxb5 14. Bxb5 a6 15. O-O Nb8 16. Bb4 Rd8 17. Ba5 axb5 18. Bxb6 Rxa4 19. Bxd8 Rxa1 20. Rxa1 Bb7 21. Ra7 Bxf3 22.
gxf3 Kf8 23. Bxf6 gxf6 24. Ra8 1-0

[Event "Early-Titled-Tuesday-Blitz-February-13-2024"]
[Site "Chess.com"]
[Date "2024.02.13"]
[Round "4"]
[White "jakopogi"]
[Black "Jaka_Brilej"]
[Result "1-0"]
[WhiteElo "2736"]
[BlackElo "2538"]
[TimeControl "180+1"]
[EndTime "8:39:36 PST"]
[Termination "jakopogi won by resignation"]

1. e4 e5 2. Nf3 Nc6 3. Bc4 Nf6 4. Ng5 d5 5. exd5 Na5 6. Bb5+ c6 7. dxc6 bxc6 8. Bd3 Nd5 9. Nf3 Bd6 10. O-O O-O 11.
Re1 f5 12. Bf1 e4 13. Nd4 Qf6 14. c3 Bb7 15. b4 Nxb4 16. cxb4 Qxd4 17. bxa5 Qxa1 18. Qb3+ Kh8 19. Bb2 Qxb2 20. Qxb2 Rab8 1-0

[Event "Early-Titled-Tuesday-Blitz-February-13-2024"]
[Site "Chess.com"]
[Date "2024.02.13"]
[Round "4"]
[White "Bilan_Danila"]
[Black "Happy1712Drummer"]
[Result "1-0"]
[WhiteElo "2559"]
[BlackElo "2388"]
[TimeControl "180+1"]
[EndTime "8:39:46 PST"]
[Termination "Bilan_Danila won by resignation"]

1. d4 d5 2. Nf3 e6 3. c4 a6 4. cxd5 exd5 5. Nc3 Nf6 6. Bg5 Be6 7. e3 Bd6 8. Ne5 c6 9. Bd3 Nbd7 10. f4 Qc7 11. f5 Bxe5 12. dxe5 Qxe5 13. Bf4 1-0

[Event "Early-Titled-Tuesday-Blitz-February-13-2024"]
[Site "Chess.com"]
[Date "2024.02.13"]
[Round "4"]
[White "secrethawk1"]
[Black "miraitrunks"]
[Result "1-0"]
[WhiteElo "2493"]
[BlackElo "2178"]
[TimeControl "180+1"]
[EndTime "8:39:46 PST"]
[Termination "secrethawk1 won by resignation"]

1. d4 Nf6 2. Bf4 g6 3. Nf3 Bg7 4. e3 O-O 5. h3 d6 6. Be2 c5 7.
c3 cxd4 8. exd4 Qb6 9. Qb3 Nbd7 10. O-O Re8 11. Bh2 e5 12. dxe5 dxe5 13. Nbd2 e4 14.
Nd4 e3 15. fxe3 Rxe3 16. Nc4 Qxb3 17. axb3 Re7 18. Rfe1 Ne4 19. Bf3 Ndc5 20. b4 Bxd4+ 21. cxd4 Nb3 22. Ra3 Be6 23. Rxe4 1-0

[Event "Early-Titled-Tuesday-Blitz-February-13-2024"]
[Site "Chess.com"]
[Date "2024.02.13"]
[Round "4"]
[White "jacky72"]
[Black "GM4life"]
[Result "0-1"]
[WhiteElo "2758"]
[BlackElo "2566"]
[TimeControl "180+1"]
[EndTime "8:39:50 PST"]
[Termination "GM4life won by resignation"]

1. Nc3 Nf6 2. e4 e5 3. Bc4 Bb4 4. Nge2 O-O 5. O-O c6 6. a3 Bxc3 7. Nxc3 d5 8. exd5 cxd5 9. Bb3 d4 10. Ne2 d3 11. cxd3 Nc6 12. d4 Nxd4 13. Nxd4 Qxd4 14. d3 Bf5 15. Be3 Qxd3 16. Qxd3 Bxd3 17. Rfd1 e4 18. f3 Be2 19. Rd4 exf3 20. gxf3 Bxf3 21. Rf1 Bc6 22. Bg5 Rfd8 23. Bxf6 gxf6 24. Rxd8+ Rxd8 25. Rxf6 Bd5 26.
Bxd5 Rxd5 27. Rf2 Kf8 28. Re2 Rd3 29. Kf2 h5 30. Kg2 h4 31. h3 Rg3+ 32. Kh2 Rd3 33.
Kg2 Kg7 34. Rf2 Kg6 35. Rc2 f5 36. Kh2 Kg5 37. Rg2+ Kf4 38. Rf2+ Rf3 39. Rc2 Rb3 40. Rc4+ Kg5 41. Rc2 a5 42. Kg2 a4 43. Kh2 b5 44.
Rf2 f4 45. Rc2 f3 46. Kg1 Kf4 47. Kf2 Re3 48. Rd2 Re2+ 49. Rxe2 fxe2 50. Kxe2 Kg3 51.
Ke3 Kxh3 52. Kf3 Kh2 53. Kf2 h3 54. Kf1 Kg3 55. Kg1 Kf3 56. Kh2 Ke3 57. b3 Kd3 58. bxa4 bxa4 59. Kxh3 Kc3 60. Kg3 Kb3 61. Kf2 Kxa3 62. Ke2 Kb2 63. Kd2 a3 0-1

[Event "Early-Titled-Tuesday-Blitz-February-13-2024"]
[Site "Chess.com"]
[Date "2024.02.13"]
[Round "4"]
[White "JeFumeDesClopes"]
[Black "ActorXu"]
[Result "0-1"]
[WhiteElo "2583"]
[BlackElo "2815"]
[TimeControl "180+1"]
[EndTime "8:39:51 PST"]
[Termination "ActorXu won by resignation"]

1. c4 e5 2. g3 Nf6 3. Bg2 Bc5 4. Nc3 O-O 5. Nf3 d6 6. O-O c6 7. d4 exd4 8. Nxd4 a5 9. b3 Nbd7 10. Bb2 Re8 11. e3 Nf8 12. h3 Ng6 13. Qd2 Bd7 14. Rad1 Qc8 15. Kh2 Re5 16. Nf3 Rh5 17. Ng1 Ne5 18.
Na4 Bxh3 19. Bxe5 Ng4+ 20. Kh1 Bxg2+ 21. Kxg2 Rh2+ 22. Kf3 Nxe5+ 23. Ke4 Qg4+ 0-1

[Event "Early-Titled-Tuesday-Blitz-February-13-2024"]
[Site "Chess.com"]
[Date "2024.02.13"]
[Round "4"]
[White "MaxLeto"]
[Black "le-castor-faineant"]
[Result "1-0"]
[WhiteElo "2514"]
[BlackElo "2286"]
[TimeControl "180+1"]
[EndTime "8:39:56 PST"]
[Termination "MaxLeto won by resignation"]

1. g4 d5 2. Bg2 Bxg4 3. c4 c6 4. Qb3 Nf6 5. Qxb7 Nbd7 6. Nc3 e6 7. Qxc6 Rc8 8. Qa6 Rxc4 9. b3 Rc8 10.
Ba3 Be7 11. Bxe7 Kxe7 12. Qxa7 Re8 13. Qa3+ Nc5 14. d4 Kf8 15. Nf3 Kg8 16. dxc5 d4 17. Nb5 Ra8 18. Qb4 d3 19. Nd6 dxe2 20. Nxe8 Rxa2 21.
Nxf6+ Kh8 22. Nxg4 Rxa1+ 23. Kxe2 Ra2+ 24. Nd2 1-0

[Event "Early-Titled-Tuesday-Blitz-February-13-2024"]
[Site "Chess.com"]
[Date "2024.02.13"]
[Round "4"]
[White "KaterynaLagno"]
[Black "ACollins05"]
[Result "1-0"]
[WhiteElo "2798"]
[BlackElo "2456"]
[TimeControl "180+1"]
[EndTime "8:40:05 PST"]
[Termination "KaterynaLagno won by resignation"]

1. e4 c5 2. Nf3 d6 3. d4 cxd4 4. Nxd4 Nf6 5. Nc3 Nc6 6. Bg5 e6 7. Qd3 Be7 8. Nxc6 bxc6 9. O-O-O Qa5 10. h4 O-O 11. Be2 Rb8 12. Qg3 Ba6 13. Bxa6 Qxa6 14. h5 Qb6 15. b3 Kh8 16. h6 g6 17. Qh4 Qd8 18. Rxd6 Qxd6 19. Bxf6+ Kg8 20. Bxe7 Qe5 21. Bxf8 Rxf8 22. Kb2 c5 23. f4 Qc7 24. Qf6 1-0

[Event "Early-Titled-Tuesday-Blitz-February-13-2024"]
[Site "Chess.com"]
[Date "2024.02.13"]
[Round "4"]
[White "wqws"]
[Black "Attacks_Hurricane"]
[Result "1-0"]
[WhiteElo "2636"]
[BlackElo "2311"]
[TimeControl "180+1"]
[EndTime "8:40:07 PST"]
[Termination "wqws won by checkmate"]

1. e4 c5 2. Nf3 a6 3. Nc3 Nc6 4. a4 e6 5. g3 g6 6. h4 Bg7 7. h5 Nge7 8. h6 Bf6 9. e5 Bxe5 10.
Nxe5 Nxe5 11. Ne4 d5 12. Nxc5 b6 13. Nd3 Nxd3+ 14. Bxd3 Bb7 15. Qe2 Qc7 16. b3 O-O-O 17. Bxa6 Qxc2 18. Ba3 Bxa6 19. Qxa6+ Kb8 20. Qxb6+ Ka8 21.
O-O Nc8 22. Qa5+ Na7 23. Rfc1 Qxb3 24. Rc7 Qb8 25. Bc5 Rc8 26. Rxa7+ Qxa7 27. Qxa7# 1-0

[Event "Early-Titled-Tuesday-Blitz-February-13-2024"]
[Site "Chess.com"]
[Date "2024.02.13"]
[Round "4"]
[White "Schachmalanders"]
[Black "YurasovMat-2012"]
[Result "0-1"]
[WhiteElo "2450"]
[BlackElo "2677"]
[TimeControl "180+1"]
[EndTime "8:40:08 PST"]
[Termination "YurasovMat-2012 won by resignation"]

1. e4 e5 2. Nc3 Nf6 3. d4 exd4 4. Qxd4 Nc6 5. Qd3 Bb4 6. Bd2 O-O 7. O-O-O Re8 8. f3 d6 9. Bg5 Be6 10. Kb1 Ne5 11.
Qd2 Bxc3 12. Qxc3 Nxe4 13. fxe4 Qxg5 14. Nf3 Nxf3 15. gxf3 Rac8 16. Bb5 Qxb5 17. Rhg1 Qe5 18. Qe3 Qc5 19. Qh6 g6 20. h4 Qc4 21. b3 Qc3 22. h5 Qg7 23. Qe3 a5 24. f4 a4 25. Qf3 axb3 26. cxb3 f5 27. hxg6 hxg6 28. e5 dxe5 29. fxe5 f4 30. Qxf4 Bf5+ 31. Kb2 Rxe5 32. Qxe5 Qxe5+ 0-1

[Event "Early-Titled-Tuesday-Blitz-February-13-2024"]
[Site "Chess.com"]
[Date "2024.02.13"]
[Round "4"]
[White "Yurovskykh_Oleksandr"]
[Black "Nechitaylo_Nikita"]
[Result "1-0"]
[WhiteElo "2660"]
[BlackElo "2327"]
[TimeControl "180+1"]
[EndTime "8:40:09 PST"]
[Termination "Yurovskykh_Oleksandr won on time"]

1. d4 Nf6 2. Nf3 e6 3. Bf4 d5 4. e3 Bd6 5. Bg3 O-O 6. Nbd2 c5 7. c3 Qc7 8. dxc5 Qxc5 9. Bd3 Nbd7 10. Qe2 e5 11. e4 dxe4 12. Bxe4 Qb6 13. Nc4 Qc7 14.
Nxd6 Qxd6 15. Bc2 Re8 16. O-O Qe7 17. Rfe1 e4 18. Nd4 Nc5 19. Nb5 Nd3 20. Bxd3 1-0

[Event "Early-Titled-Tuesday-Blitz-February-13-2024"]
[Site "Chess.com"]
[Date "2024.02.13"]
[Round "4"]
[White "JERO-8914"]
[Black "chipmunknau"]
[Result "0-1"]
[WhiteElo "2432"]
[BlackElo "2717"]
[TimeControl "180+1"]
[EndTime "8:40:09 PST"]
[Termination "chipmunknau won by resignation"]

1. c4 Nf6 2. Nc3 e6 3. e4 c5 4.
Nf3 Nc6 5. a3 g6 6. d4 cxd4 7.
Nxd4 Bg7 8. Be3 O-O 9. Be2 d5 10. exd5 exd5 11. O-O Ne5 12. cxd5 Nxd5 13. Nxd5 Qxd5 14. Rc1 Bd7 15. f4 Ng4 16. Bxg4 Bxg4 17.
Qxg4 Bxd4 18. Bxd4 Qxd4+ 19. Rf2 Rfe8 20. h3 Re4 21.
Rc8+ Rxc8 22. Qxc8+ Kg7 23. Qc2 Rxf4 24. g3 Rxf2 25.
Qxf2 Qxf2+ 26. Kxf2 0-1

[Event "Early-Titled-Tuesday-Blitz-February-13-2024"]
[Site "Chess.com"]
[Date "2024.02.13"]
[Round "4"]
[White "ama18"]
[Black "krzyzan94"]
[Result "0-1"]
[WhiteElo "2561"]
[BlackElo "2790"]
[TimeControl "180+1"]
[EndTime "8:40:14 PST"]
[Termination "krzyzan94 won by resignation"]

1. Nf3 b6 2. b3 Bb7 3. e3 g6 4.
Bb2 Nf6 5. c4 Bg7 6. Nc3 O-O 7. Be2 c5 8. O-O d5 9. Nxd5 Nxd5 10.
Bxg7 Kxg7 11. cxd5 Qxd5 12. d4 cxd4 13. Qxd4+ Qxd4 14. Nxd4 Nd7 15. Rac1 Rac8 16. Bf3 Bxf3 17. Nxf3 Nc5 18. g3 Nd3 19. Rxc8 Rxc8 20. Rd1 Rc1 21. Rxc1 Nxc1 22. Nd4 Nxa2 23. Nc6 Nc1 24. b4 Nd3 25. b5 Nc5 26. Nxe7 a6 27. bxa6 Nxa6 28. Kf1 Nc7 29. Ke2 Kf6 30. Nc6 Ke6 31. e4 Kd6 32.
Nd4 Kc5 33. Kd3 b5 34. f4 Kb4 35. Nc6+ Ka3 36. Kc2 b4 37. Kb1 b3 38. e5 Nb5 39. Na5 Nc3+ 0-1

[Event "Early-Titled-Tuesday-Blitz-February-13-2024"]
[Site "Chess.com"]
[Date "2024.02.13"]
[Round "4"]
[White "Som2310"]
[Black "SantoBlue"]
[Result "0-1"]
[WhiteElo "2807"]
[BlackElo "2969"]
[TimeControl "180+1"]
[EndTime "8:40:19 PST"]
[Termination "SantoBlue won by resignation"]

1. f3 e5 2. e4 d5 3. exd5 Nf6 4. Nc3 Nxd5 5. Bc4 Be6 6. Nxd5 Qh4+ 7. g3 Qxc4 8. Ne3 Qc6 9. b3 Nd7 10. Bb2 Bc5 11. Qe2 O-O-O 12. O-O-O Rhe8 13. h4 Bf8 14. Nh3 h6 15. Nf2 f5 16. Kb1 a5 17. Rhe1 a4 18. d4 exd4 19. Rxd4 a3 20. Ba1 Bc5 21.
Rd3 f4 22. gxf4 Bf5 23. Rc3 Qb6 24. Nc4 Rxe2 25. Nxb6+ Nxb6 26. Rxe2 Bxf2 27. Kc1 Bd4 28. h5 Nd5 0-1

[Event "Early-Titled-Tuesday-Blitz-February-13-2024"]
[Site "Chess.com"]
[Date "2024.02.13"]
[Round "4"]
[White "M1711"]
[Black "treadstone_71"]
[Result "1-0"]
[WhiteElo "2651"]
[BlackElo "2298"]
[TimeControl "180+1"]
[EndTime "8:40:20 PST"]
[Termination "M1711 won by resignation"]

1. e4 c5 2. Nf3 Nc6 3. Bb5 g6 4. Bxc6 bxc6 5. d3 Bg7 6. O-O e5 7. Nbd2 d6 8. a3 a5 9. Nc4 Nf6 10. h3 O-O 11. Be3 Nh5 12. b4 axb4 13. axb4 Rxa1 14.
Qxa1 cxb4 15. Qa4 Nf4 16. Qxc6 b3 17. Bxf4 exf4 18. cxb3 g5 19. Qxd6 g4 20. hxg4 Bxg4 21. Qxf4 Qxd3 22. Qxg4 Qxb3 23. Nd6 h5 24. Qxh5 Qd3 25.
Nf5 Qxe4 26. Qg5 1-0

[Event "Early-Titled-Tuesday-Blitz-February-13-2024"]
[Site "Chess.com"]
[Date "2024.02.13"]
[Round "4"]
[White "Aanna12"]
[Black "SmirnovTimofey2000"]
[Result "0-1"]
[WhiteElo "2251"]
[BlackElo "1975"]
[TimeControl "180+1"]
[EndTime "8:40:21 PST"]
[Termination "SmirnovTimofey2000 won by resignation"]

1. e4 e5 2. Nf3 Nf6 3. Nxe5 d6 4. Nf3 Nxe4 5. Nc3 Nxc3 6. dxc3 Be7 7. Be2 Nc6 8. Be3 Be6 9. O-O O-O 10. Nd4 Qd7 11.
Nxe6 Qxe6 12. Qd2 Ne5 13. f4 Nc4 14. Bxc4 Qxc4 15. f5 Rfe8 16. Bd4 f6 17. b3 Qc6 18. c4 d5 19. cxd5 Qxd5 20. c4 Qc6 21. Rae1 Bc5 22. Qf2 Bxd4 23. Qxd4 Rad8 24. Qxa7 Ra8 25. Qd4 Red8 26.
Qg4 Rxa2 27. Re7 Qc5+ 0-1

[Event "Early-Titled-Tuesday-Blitz-February-13-2024"]
[Site "Chess.com"]
[Date "2024.02.13"]
[Round "4"]
[White "Sokoloco"]
[Black "platy3"]
[Result "1-0"]
[WhiteElo "2791"]
[BlackElo "2929"]
[TimeControl "180+1"]
[EndTime "8:40:25 PST"]
[Termination "Sokoloco won by resignation"]

1. b3 c5 2. Bb2 Nc6 3. e3 Nf6 4. d4 cxd4 5. exd4 d5 6. Nf3 Bg4 7. Be2 e6 8. O-O Bd6 9. Ne5 Bf5 10. Bd3 Bg6 11. Nd2 Bxe5 12. dxe5 Nd7 13. Bxg6 hxg6 14. Re1 Qh4 15. Nf3 Qh5 16. h3 g5 17. Nh2 Qxd1 18. Raxd1 O-O-O 19. Nf3 Rh5 20. Bc1 g4 21. hxg4 Rhh8 22. g3 Rhe8 23. Kg2 f6 24.
Bb2 Re7 25. exf6 gxf6 26. g5 f5 27. Bf6 Nxf6 28. gxf6 Ree8 29. f7 Re7 30. Ng5 Kd7 31. c4 d4 32. b4 e5 33. b5 Na5 34. Rxe5 1-0

[Event "Early-Titled-Tuesday-Blitz-February-13-2024"]
[Site "Chess.com"]
[Date "2024.02.13"]
[Round "4"]
[White "Grossboss19"]
[Black "esrosenberg"]
[Result "1-0"]
[WhiteElo "2597"]
[BlackElo "2410"]
[TimeControl "180+1"]
[EndTime "8:40:28 PST"]
[Termination "Grossboss19 won by resignation"]

1. c4 g6 2. d4 Bg7 3. g4 d5 4. h3 c5 5. Bg2 cxd4 6. cxd5 Nf6 7.
Qxd4 Nc6 8. Qd1 Nb8 9. Nc3 O-O 10.
e4 Qa5 11. Ne2 Rd8 12. Bd2 e6 13. dxe6 Bxe6 14. Nd5 Qa6 15. Nc7 Qd3 16. Nxa8 Nxe4 17. Be3 Bxb2 18. Qxd3 Rxd3 19. Rb1 Bc3+ 20. Nxc3 Nxc3 21.
Rc1 1-0

[Event "Early-Titled-Tuesday-Blitz-February-13-2024"]
[Site "Chess.com"]
[Date "2024.02.13"]
[Round "4"]
[White "Ready4abattle"]
[Black "doctorcristian"]
[Result "0-1"]
[WhiteElo "2240"]
[BlackElo "2614"]
[TimeControl "180+1"]
[EndTime "8:40:35 PST"]
[Termination "doctorcristian won by resignation"]

1. e4 c6 2. d4 d5 3. e5 Bf5 4. Nd2 e6 5. Nb3 Nd7 6. Nf3 f6 7. exf6 Qxf6 8. Be3 Bd6 9. Be2 Ne7 10. O-O O-O 11.
c4 h6 12. c5 Bc7 13. Nbd2 e5 14. Nxe5 Nxe5 15. dxe5 Qxe5 16. Nf3 Qxb2 17. Nd4 Qa3 18.
Bg4 Rae8 19. Nxf5 Nxf5 20. Bxf5 Rxf5 21. Qg4 Rf7 22. Rab1 Qxa2 23. Kh1 Qa6 24. Bxh6 Re4 25. Qc8+ Kh7 26. Be3 Rxe3 0-1

[Event "Early-Titled-Tuesday-Blitz-February-13-2024"]
[Site "Chess.com"]
[Date "2024.02.13"]
[Round "4"]
[White "ChessBliss09"]
[Black "JonasEilenberg"]
[Result "0-1"]
[WhiteElo "2133"]
[BlackElo "2590"]
[TimeControl "180+1"]
[EndTime "8:40:41 PST"]
[Termination "JonasEilenberg won by checkmate"]

1. c4 e6 2. d4 d5 3. Nc3 c6 4. Nf3 dxc4 5. e4 b5 6. a4 Bb4 7. axb5 cxb5 8. Bd2 Bxc3 9. Bxc3 a5 10. d5 Nf6 11. dxe6 fxe6 12. Qxd8+ Kxd8 13. Ng5 Ke8 14. Rxa5 Rxa5 15. Bxa5 Nc6 16. Bc3 Ke7 17. Be2 h6 18. Bxf6+ gxf6 19. Nf3 e5 20. O-O Rd8 21. Rd1 Nd4 22. Kf1 Bb7 23. Ra1 Bxe4 24. Ra7+ Ke6 25. Nd2 Nc6 26. Ra6 Rxd2 27. f3 Bd5 28. h4 Rxb2 29.
h5 c3 30. Bd3 c2 31. Ra1 Bc4 32.
Bxc4+ bxc4 33. Rc1 Rb1 34. Ke2 Rxc1 35. Kd2 Rg1 36.
Kxc2 Rxg2+ 37. Kc3 Rf2 38. Kxc4 Rxf3 39. Kc5 Rh3 40. Kxc6 Rxh5 41. Kc5 Rh4 42. Kb5 Rd4 43. Kc5 Rd6 44. Kc4 e4 45. Kc3 e3 46. Kc4 e2 47.
Kc3 e1=Q+ 48. Kc4 Qe4+ 49. Kc3 Rd3+ 50. Kc2 Qe2+ 51. Kc1 Rd1# 0-1

[Event "Early-Titled-Tuesday-Blitz-February-13-2024"]
[Site "Chess.com"]
[Date "2024.02.13"]
[Round "4"]
[White "DucksParadise"]
[Black "Maitreia"]
[Result "0-1"]
[WhiteElo "2519"]
[BlackElo "2770"]
[TimeControl "180+1"]
[EndTime "8:40:48 PST"]
[Termination "Maitreia won by resignation"]

1. e4 c5 2. Nc3 g6 3. d4 cxd4 4. Qxd4 Nf6 5. Nf3 Nc6 6. Qa4 d6 7. e5 dxe5 8. Nxe5 Bg7 9. Nxc6 bxc6 10. Qxc6+ Bd7 11. Qf3 O-O 12. Be2 Rb8 13. O-O Qc7 14. Bf4 e5 15. Bg5 Bc6 16. Qe3 Rxb2 17. Rad1 Rxc2 18. Qd3 Rb2 19. Qc4 Qb7 20. Rb1 Rc8 21.
Rxb2 Qxb2 22. Rb1 Qa3 23. Bxf6 Bxf6 24. Nd5 Bd8 25. Bg4 Bd7 26. Qe2 0-1

[Event "Early-Titled-Tuesday-Blitz-February-13-2024"]
[Site "Chess.com"]
[Date "2024.02.13"]
[Round "4"]
[White "pfalcon1949"]
[Black "Ati1517"]
[Result "1-0"]
[WhiteElo "1924"]
[BlackElo "2238"]
[TimeControl "180+1"]
[EndTime "8:40:50 PST"]
[Termination "pfalcon1949 won on time"]

1. e4 c5 2. Nf3 d6 3. d4 cxd4 4.
Nxd4 Nf6 5. Nc3 a6 6. h3 e5 7.
Nf3 Be7 8. g4 O-O 9. g5 Nfd7 10.
h4 b5 11. Be3 Bb7 12. Qd2 Nb6 13. h5 N8d7 14. O-O-O Rc8 15. Nh4 Nc4 16. Bxc4 Rxc4 17.
Nf5 Nc5 18. f3 b4 19. Nd5 Bxd5 20. Qxd5 1-0

[Event "Early-Titled-Tuesday-Blitz-February-13-2024"]
[Site "Chess.com"]
[Date "2024.02.13"]
[Round "4"]
[White "TimGrutter03"]
[Black "MarcoRiehle"]
[Result "0-1"]
[WhiteElo "2642"]
[BlackElo "2867"]
[TimeControl "180+1"]
[EndTime "8:40:53 PST"]
[Termination "MarcoRiehle won on time"]

1. c4 c5 2. Nc3 Nf6 3. g3 d5 4.
cxd5 Nxd5 5. Bg2 Nc7 6. Nf3 Nc6 7. O-O e5 8. d3 Be7 9. Rb1 f6 10. a3 O-O 11. b4 cxb4 12. axb4 Nxb4 13. Rxb4 Bxb4 14. Qb3+ Be6 15. Qxb4 b6 16. Ba3 Qd7 17. Nd2 Rab8 18. Qd6 Rfc8 19. Qxd7 Bxd7 20. Bd6 Be6 21. Ncb1 a5 22. Rc1 Nd5 23. Nc4 Rb7 24. Nc3 Nxc3 25. Rxc3 Rd7 26. Rb3 Rxd6 0-1

[Event "Early-Titled-Tuesday-Blitz-February-13-2024"]
[Site "Chess.com"]
[Date "2024.02.13"]
[Round "4"]
[White "kushbhagat2009"]
[Black "Rud_Makarian"]
[Result "0-1"]
[WhiteElo "2628"]
[BlackElo "3029"]
[TimeControl "180+1"]
[EndTime "8:40:56 PST"]
[Termination "Rud_Makarian won by resignation"]

1. d4 Nf6 2. Bf4 g6 3. e3 Bg7 4.
Nf3 O-O 5. Be2 d6 6. h3 b6 7. O-O Bb7 8. c4 Nbd7 9. Nc3 Ne4 10. Nxe4 Bxe4 11. Rc1 e5 12. Bh2 Qe7 13. b4 a5 14. a3 axb4 15. axb4 Ra2 16. c5 bxc5 17. bxc5 dxc5 18. dxe5 Nxe5 19. Nxe5 Bxe5 20. Bxe5 Qxe5 21.
Bf3 Bxf3 22. Qxf3 Rd8 23. Rfd1 Rxd1+ 24. Rxd1 Ra1 25. g3 c4 26. Kg2 Rxd1 27. Qxd1 c3 28. Qd3 Qc5 29. Qc2 Qd5+ 30. Kf1 Qc4+ 31. Ke1 h5 32. h4 Kg7 33. Qe2 Qb4 34. Qd3 c2+ 0-1

[Event "Early-Titled-Tuesday-Blitz-February-13-2024"]
[Site "Chess.com"]
[Date "2024.02.13"]
[Round "4"]
[White "mbachez"]
[Black "stollenmonster"]
[Result "1-0"]
[WhiteElo "2624"]
[BlackElo "2893"]
[TimeControl "180+1"]
[EndTime "8:40:56 PST"]
[Termination "mbachez won by resignation"]

1. Nf3 Nf6 2. g3 e6 3. Bg2 d5 4. O-O Be7 5. d3 O-O 6. Nbd2 d4 7.
e4 dxe3 8. fxe3 c5 9. a4 Nc6 10. Nc4 Nd5 11. Qe2 Nb6 12. Nce5 Nxe5 13. Nxe5 f6 14. Nf3 e5 15. e4 Be6 16. a5 Nd7 17. Nh4 Re8 18. Nf5 Bxf5 19. exf5 Rb8 20. Bd5+ Kh8 21. Bf7 c4 22. Bxe8 cxd3 23. Qh5 Qxe8 24. Qxe8+ Rxe8 25. cxd3 Bc5+ 26. Kg2 Bd4 27. Ra4 Nc5 28. Rb4 Nxd3 29. Rxb7 Rc8 30. Bd2 h5 31. Rb3 Rc2 32. Rxd3 Rxb2 33. Kf3 g6 34. fxg6 Kg7 35. Rxd4 exd4 36. Rf2 Kxg6 37. Ke4 1-0

[Event "Early-Titled-Tuesday-Blitz-February-13-2024"]
[Site "Chess.com"]
[Date "2024.02.13"]
[Round "4"]
[White "MKlose11"]
[Black "remyrushbrooke"]
[Result "1-0"]
[WhiteElo "2648"]
[BlackElo "2270"]
[TimeControl "180+1"]
[EndTime "8:40:56 PST"]
[Termination "MKlose11 won by resignation"]

1. e4 e5 2. Nf3 Nf6 3. d4 Nxe4 4. Bd3 d5 5. Nxe5 Nd7 6. Nxd7 Bxd7 7. O-O Bd6 8. c4 c6 9. cxd5 cxd5 10. Nc3 Nxc3 11. bxc3 O-O 12. Bd2 Qh4 13. g3 Qh3 14. Re1 Bg4 15.
Be2 h5 16. Qb3 Rad8 17. Bf1 Bd1 18. Bxh3 Bxb3 19. axb3 a6 20. c4 dxc4 21. bxc4 Bb8 22. Be3 f5 23. Bg2 g5 24. Bd5+ Kh8 25. Bxg5 Rd7 26.
Re7 1-0

[Event "Early-Titled-Tuesday-Blitz-February-13-2024"]
[Site "Chess.com"]
[Date "2024.02.13"]
[Round "4"]
[White "DenizG123"]
[Black "cukricek"]
[Result "0-1"]
[WhiteElo "2122"]
[BlackElo "2489"]
[TimeControl "180+1"]
[EndTime "8:40:59 PST"]
[Termination "cukricek won by resignation"]

1. e4 c5 2. Nf3 g6 3. d4 cxd4 4. Nxd4 Nc6 5. Nc3 Bg7 6. Be3 Nf6 7. Bc4 O-O 8. Bb3 a5 9. a4 Ng4 10. Bxf7+ Rxf7 11. Nxc6 bxc6 12. Qxg4 d5 13. Qd1 d4 14. Ne2 c5 15. c3 e5 16. O-O Ba6 17. Bd2 Qb6 18.
cxd4 exd4 19. Bc1 c4 20. Ng3 c3 21. bxc3 Bxf1 22. Nxf1 dxc3 23. Qd5 Qxf2+ 0-1